 Dungeon Crawl Stone Soup version 0.20.1-1-g8b1a95d (webtiles) character file.

81 NoNouf the Skirmisher (level 4, -1/37 HPs)
             Began as a Human Monk on Aug 12, 2017.
             Slain by Crazy Yiuf
             ... wielding a +2 quarterstaff of chaos
              (4 damage)
             ... on level 2 of the Dungeon.
             The game lasted 00:10:08 (1614 turns).

NoNouf the Skirmisher (Human Monk)                  Turns: 1614, Time: 00:10:09

Health: -1/37      AC: 11    Str: 12    XL:     4   Next: 68%
Magic:  4/4        EV:  6    Int: 10    God:
Gold:   135        SH:  0    Dex: 16    Spells: 3/3 levels left

rFire    . . .     SeeInvis +   a - +0 falchion
rCold    . . .     Gourm    .   (no shield)
rNeg     . . .     Faith    .   o - +0 chain mail
rPois    +         Spirit   .   r - +0 helmet
rElec    .         Reflect  .   (no cloak)
rCorr    .         Harm     .   k - +0 pair of gloves
MR       .....                  s - +0 pair of boots
Stlth    ..........             (no amulet)
Regen    0.2/turn               f - ring of poison resistance
MPRegen  0.1/turn               p - ring of see invisible

@: drained
A: no striking features
a: no special abilities


You were on level 2 of the Dungeon.
You were hungry.

You visited 1 branch of the dungeon, and saw 2 of its levels.

You collected 135 gold pieces.

Inventory:

Hand Weapons
 a - a +0 falchion (weapon)
 q - a +3 dagger
Missiles
 h - 25 stones (quivered)
 j - 55 sling bullets
Armour
 b - a +0 robe
 k - a +0 pair of gloves (worn)
 o - a +0 chain mail (worn)
 r - a +0 helmet (worn)
 s - a +0 pair of boots (worn)
Jewellery
 f - a ring of poison resistance (left hand)
 p - a ring of see invisible (right hand)
 u - an uncursed ring of flight {unknown}
Scrolls
 l - a scroll of teleportation
 v - a scroll of remove curse
Comestibles
 c - 2 bread rations
 g - a meat ration
 i - 5 chunks of flesh
 m - a royal jelly
 t - 4 fruits


   Skills:
 + Level 4.1(3.8) Fighting
 - Level 3.0(2.7) Long Blades
 * Level 1.0(0.7) Armour
 - Level 4.0(3.7) Dodging
 - Level 2.0(1.7) Stealth


You had 3 spell levels left.
You didn't know any spells.

Dungeon Overview and Level Annotations

Branches:
Dungeon (2/15)

Altars:

Annotations:
D:2 Crazy Yiuf


Message History

Crazy Yiuf hits you with a quarterstaff of chaos!
Crazy Yiuf burns you.
You are too injured to fight recklessly!
You hit Crazy Yiuf.
Crazy Yiuf is heavily wounded.
Crazy Yiuf hits you with a quarterstaff of chaos!
* * * LOW HITPOINT WARNING * * *
You hit Crazy Yiuf but do no damage.
Crazy Yiuf is heavily wounded.
Crazy Yiuf hits you but does no damage.
You are feeling hungry.
You hit Crazy Yiuf.
Crazy Yiuf is heavily wounded.
Crazy Yiuf hits you but does no damage.
You hit Crazy Yiuf.
Crazy Yiuf is severely wounded.
Crazy Yiuf hits you with a quarterstaff of chaos!
* * * LOW HITPOINT WARNING * * *
Crazy Yiuf freezes you.
You die...

#....)..#.# #+..+# #.......###
♣....♣ #.......# ♣♣♣.)♣ #.......#
♣)♣♣ #.......# ♣♣.♣ #########
♣.♣♣ ########### ♣♣.♣
..........## ♣.♣♣ ##.#
...........# #@# ...##.#
#.#######.## #)g.# ####..##.#
...........# #)).# ..#..##..
.(.........# #)..# .....##.#
#.###.###.## ##### #.#.. #.# #.#
#.# #.# #.#.# #.#
#.###.###.#############.#.###.###
#.........'...'..................
#####.###.#...#....#.##.#.###.###


You could see Crazy Yiuf.

Vanquished Creatures
  3 adders (D:2)
  An ooze (D:2)
  2 dart slugs
  2 leopard geckos (D:2)
  5 bats
  2 giant cockroaches (D:2)
  7 goblins
  3 hobgoblins
  6 jackals (D:1)
  A quokka (D:2)
  A ball python (D:2)
  A frilled lizard (D:1)
  5 kobolds
  3 rats
42 creatures vanquished.

Notes
Turn   | Place    | Note
-------+----------+-------------------------------------------
     0 | D:1      | NoNouf the Human Monk began the quest for the Orb.
     0 | D:1      | Reached XP level 1. HP: 18/18 MP: 1/1
   229 | D:1      | Reached XP level 2. HP: 23/24 MP: 2/2
   703 | D:1      | Reached XP level 3. HP: 29/29 MP: 3/3
  1329 | D:2      | Reached XP level 4. HP: 32/37 MP: 4/4
  1556 | D:2      | Reached skill level 1 in Armour
  1599 | D:2      | Found a runed door.
  1605 | D:2      | Noticed Crazy Yiuf
  1614 | D:2      | Slain by Crazy Yiuf

Skill      XL: |  1  2  3  4 |
---------------+-------------+-----
Dodging        | 4 |  4.0
Fighting       | 4 |  4.1
Armour         | 1 |  1.0
Long Blades    | |  3.0
Stealth        | |  2.0

Action                   |  1- 3 |  4- 6 || total
-------------------------+-------+-------++-------
Melee: Falchion          |    90 |    52 ||   142
Throw: Stone             |     6 |       ||     6
  Use: Scroll            |     2 |       ||     2
       Potion            |       |     2 ||     2
 Stab: Sleeping          |     5 |       ||     5
  Eat: Chunk             |     1 |     1 ||     2
Armor: Robe              |     6 |       ||     6
       Chain mail        |    35 |    27 ||    62
Dodge: Dodged            |    38 |    21 ||    59
       Rpst.: Falchion   |    13 |    12 ||    25
